[Event "Team 45 45 League T29"]
[Site "Free Internet Chess Server"]
[Date "PST.01.0"]
[Round "3"]
[White "GadsHill"]
[Black "Chessface"]
[Result "0-1"]
[WhiteElo "1680"]
[BlackElo "1673"]
[TimeControl "2700+45"]

1. d4 e6 2. c4 Nf6 3. Nc3 d5 4. cxd5 exd5 5. Bg5 Be7 6. Qc2 c6 7. e3 Nbd7 8. Bd3 O-O 9. Nf3 Re8 10. O-O Bf8 11. Rab1 Qc7 12. b4 a6 13. a4 Bd6 14. b5 axb5 15. axb5 c5 16. dxc5 Bxc5 17. Ne2 b6 18. Ned4 Bb7 19. Ra1 Ne5 20. Bxf6 gxf6 21. Bxh7+ Kf8 22. Qc3 Nc4 23. Rxa8 Bxa8 24. Nf5 Qd8 25. N3d4 Bxd4 26. Qxd4 Re4 27. Qc3 Bb7 28. Nd4 Rh4 29. Bd3 Qd6 30. Nf3 d4 31. exd4 Bxf3 32. g3 Qxd4 33. Qb4+ Kg7 34. Qxc4 Qxc4 35. Bxc4 Rxc4 36. Rb1 Kg6 37. Kf1 Kg5 38. Ke1 Re4+ 39. Kd2 Re2+ 40. Kc3 Rxf2 41. Kd4 Rxh2   {White resigns} 0-1

[Event "Team 45 45 League T29"]
[Site "Free Internet Chess Server"]
[Date "PST.01.0"]
[Round "3"]
[White "Woodchuck"]
[Black "xboard"]
[Result "1-0"]
[WhiteElo "1611"]
[BlackElo "1711"]
[TimeControl "2700+45"]

1. d4 Nf6 2. c4 g6 3. Nc3 Bg7 4. e4 d6 5. Nf3 O-O 6. Be2 e5 7. Bg5 h6 8. dxe5 hxg5 9. exf6 Bxf6 10. Qd2 Nc6 11. O-O g4 12. Ne1 Ne7 13. Nd5 Nxd5 14. cxd5 Qe7 15. Qc2 Bd7 16. g3 Kg7 17. Ng2 Rh8 18. Ne3 Be5 19. Bxg4 Bxg4 20. Nxg4 Bd4 21. Rad1 Bb6 22. Qc3+ f6 23. Rfe1 Rh3 24. Kf1 Rah8 25. f3 Qd7 26. Qxf6+ Kh7 27. Kg2 Rh6 28. Nxh6 Kxh6 29. Qxh8+   {Black resigns} 1-0

[Event "Team 45 45 League T29"]
[Site "Free Internet Chess Server"]
[Date "PST.01.0"]
[Round "3"]
[White "Armunn"]
[Black "Cilia"]
[Result "1-0"]
[WhiteElo "1527"]
[BlackElo "1617"]
[TimeControl "2700+45"]

1. c4 c5 2. Nf3 g6 3. Nc3 Nc6 4. e3 Bg7 5. d4 e6 6. b3 Nge7 7. Be2 O-O 8. Ba3 cxd4 9. Nxd4 Re8 10. O-O b6 11. Nxc6 Nxc6 12. Rc1 Bb7 13. Nb5 Bf8 14. Bxf8 Rxf8 15. Nd6 Qc7 16. Nxb7 Qxb7 17. Bf3 Qc7 18. Qd2 Rad8 19. Qc3 Ne7 20. Qf6 d6 21. b4 a5 22. b5 Nf5 23. g4 Ng7 24. Bc6 Ne8 25. Qh4 f6 26. e4 g5 27. Qg3 Ng7 28. Kg2 f5 29. gxf5 exf5 30. Bd5+ Kh8 31. Qxg5 fxe4 32. Bxe4 Ne6 33. Qe3 Qc5 34. Qh6 Qg5+ 35. Qxg5 Nxg5 36. Bd5 Rd7 37. h4 Nf7 38. f4 Nh6 39. Be6 Re7 40. Rce1 Rg7+ 41. Kh3 Nf5 42. Bxf5 Rxf5 43. Re8+ Rg8 44. Rxg8+ Kxg8 45. Kg4 Rc5 46. Rd1 h5+ 47. Kf3 Rxc4 48. Rxd6 Rc3+ 49. Ke4 Rc4+ 50. Ke5 Rc5+ 51. Rd5 Rc2 52. a4 Rh2 53. Rd6 Rxh4 54. Rxb6 Rg4 55. Rh6 Kg7 56. Rxh5 Rg3 57. Rg5+   {Black resigns} 1-0

[Event "Team 45 45 League T29"]
[Site "Free Internet Chess Server"]
[Date "PST.01.0"]
[Round "3"]
[White "GBate"]
[Black "NovoLook"]
[Result "1/2-1/2"]
[WhiteElo "1546"]
[BlackElo "1478"]
[TimeControl "2700+45"]

1. d4 Nf6 2. c4 e6 3. Nc3 Bb4 4. Qc2 c5 5. Nf3 Qc7 6. a3 cxd4 7. Nxd4 Bxc3+ 8. Qxc3 Ne4 9. Qc2 f5 10. e3 b6 11. Bd3 Bb7 12. f3 Nf6 13. O-O O-O 14. Bd2 Nc6 15. Nb5 Qb8 16. Nc3 Ne5 17. Rad1 Nxd3 18. Qxd3 Bc6 19. Rfe1 a6 20. e4 Qc7 21. exf5 Rae8 22. fxe6 Rxe6 23. Rxe6 dxe6 24. Bg5 Nh5 25. Qd6 Qb7 26. Qxe6+ Kh8 27. Rd8 Rxd8 28. Bxd8 h6 29. Qe7 Qxe7 30. Bxe7 b5 31. cxb5 axb5 32. Kf2 Nf4 33. b4 Nd5 34. Nxd5 Bxd5 35. Ke3 Kg8 36. Kd4 Bc6 37. Kc5 Be8 38. f4 Kf7 39. Bd6 g6 40. g4 h5 41. gxh5 gxh5 42. Kd5 Bd7 43. Ke5 Kg6 44. Be7 Kf7 45. Bf6 Kg6 46. h4 Bf5 47. Be7 Bd7 48. Bc5 Bf5 49. Kd4 Bd7 50. Be7 Kf5 51. Bg5 Be8 52. Kd5 Bf7+ 53. Kd6 Bc4 54. Ke7 Kg6 55. Kd6 Kf5 56. Kc5 Bd3 57. Kd4 Be2 58. Kc3 Bd1 59. a4 Bxa4 60. Kd4 Bd1 61. Kc5 Be2 62. Kc6 Bd3 63. Kd6 Bc4 64. Ke7 Be2 65. Kd6 Bc4 66. Kc5 Be2   {Game drawn by mutual agreement} 1/2-1/2

[Event "Team 45 45 League T29"]
[Site "Free Internet Chess Server"]
[Date "2006.01.12"]
[Round "3"]
[White "Ivanuk"]
[Black "kosu"]
[Result "1-0"]
[WhiteElo "1597"]
[BlackElo "1635"]
[TimeControl "2700+45"]

1. e4 e5 2. Nf3 Nf6 3. d3 Nc6 4. Be2 d5 5. Bg5 dxe4 6. Bxf6 gxf6 7. dxe4 Qxd1+ 8. Bxd1 Rg8 9. g3 f5 10. Nbd2 Bh6 11. Be2 f4 12. a3 Bg4 13. Nb1 O-O-O 14. Nc3 Bxf3 15. Bxf3 Nd4 16. Bd1 f5 17. exf5 Nxf5 18. Bf3 fxg3 19. hxg3 Bd2+ 20. Ke2 h6 21. Bd5 Bxc3 22. Bxg8 Nd4+ 23. Kf1 Bxb2 24. Ra2 Bc3 25. Bh7 Rd6 26. a4 a5 27. Ra3 Bb4 28. Rd3 Nxc2 29. Rxd6 cxd6 30. Bxc2 Bd2 31. Ke2 Bg5 32. Rf1 Kd7 33. f4 exf4 34. gxf4 Bf6 35. Kd3 Kc7 36. Kc4 Kb6 37. Re1 Kc6 38. Be4+ Kb6 39. Bd5 h5 40. Re6 Be7 41. Rxe7 h4 42. Rxb7+ Ka6 43. Rb8 h3 44. Rb1 h2 45. f5 Ka7 46. f6 h1=Q 47. Bxh1 d5+ 48. Kxd5 Ka6 49. f7 Ka7 50. f8=Q Ka6 51. Qa8#   {Black checkmated} 1-0

[Event "Team 45 45 League T29"]
[Site "Free Internet Chess Server"]
[Date "PST.01.0"]
[Round "3"]
[White "bobstoner"]
[Black "DavetheBravest"]
[Result "0-1"]
[WhiteElo "1498"]
[BlackElo "1627"]
[TimeControl "2700+45"]

1. e4 Nc6 2. d4 d5 3. Nc3 dxe4 4. Nxe4 Qxd4 5. Bd3 Bf5 6. Nf3 Bxe4 7. Nxd4 Bxg2 8. Rg1 Nxd4 9. Rxg2 O-O-O 10. Qg4+ e6 11. Be3 Bc5 12. Qxg7 Ne7 13. Qxf7 Rhf8 14. Qxh7 Nd5 15. Rg7 Nxe3 16. Rxc7+ Kb8 17. Rxb7+ Ka8 18. Rxa7+ Bxa7 19. Be4+ Nd5 20. Rd1 Nf3+ 21. Ke2 Ng5 22. Qg6 Rxf2+ 23. Ke1 Nxe4 24. Qxe4 Rg8 25. Qh1 Rgg2 26. Qxg2 Rxg2 27. Rd2 Rxd2 28. Kxd2 Bg1 29. h4 Nf4 30. a4 Bf2 31. h5 Nxh5 32. Kd3 Nf6 33. c4 e5 34. Ke2 Bd4 35. b4 e4 36. b5 e3 37. Kd3 Nd7 38. a5 Nc5+ 39. Ke2 Ne4 40. a6 Nc3+ 41. Ke1 e2 42. Kd2 Bf6 43. Ke1 Bh4+ 44. Kd2 e1=Q+ 45. Kc2 Bf6 46. Kb2 Qb1+ 47. Ka3 Nxb5+ 48. cxb5 Bc3 49. b6 Qb4+ 50. Ka2 Qb2#   {White checkmated} 0-1

[Event "Team 45 45 League T29"]
[Site "Free Internet Chess Server"]
[Date "PST.01.0"]
[Round "3"]
[White "MattBinMi"]
[Black "pedrotlima"]
[Result "0-1"]
[WhiteElo "1646"]
[BlackElo "1562"]
[TimeControl "2700+45"]

1. e4 e5 2. d3 Nf6 3. Nf3 Nc6 4. g3 d5 5. Nbd2 Bg4 6. Bg2 Be7 7. O-O O-O 8. h3 Bh5 9. Re1 dxe4 10. dxe4 Bc5 11. c3 b5 12. g4 Bg6 13. Nh4 b4 14. Nxg6 fxg6 15. Qb3+ Kh8 16. Nf3 bxc3 17. Bg5 cxb2 18. Qxb2 Qd6 19. Rad1 Nd4 20. Be3 Rab8 21. Qa1 Bb4 22. Rf1 Qe6 23. Nxd4 exd4 24. Bxd4 c5 25. Bb2 Rfe8 26. e5 Nd7 27. Bd5 Qe7 28. Bc6 Red8 29. Bxd7 Rxd7 30. Rxd7 Qxd7 31. Rd1 Qe6 32. Rd6 Qe7 33. Qd1 Ba5 34. Rd7 Qe8 35. e6 Rxb2 36. e7 Rb8 37. Rxa7 Bb6 38. Rd7 c4 39. Qd6 c3 40. Qxb6 Rxb6 41. Rd8 Rb8 42. Rxe8+ Rxe8   {White resigns} 0-1

[Event "Team 45 45 League T29"]
[Site "Free Internet Chess Server"]
[Date "2006.01.10"]
[Round "3"]
[White "dianabutterfly"]
[Black "wekabird"]
[Result "1-0"]
[WhiteElo "1413"]
[BlackElo "1438"]
[TimeControl "2700+45"]

1. e4 c6 2. Bc4 e5 3. Nc3 Bb4 4. Nce2 Nf6 5. c3 Be7 6. Ng3 d6 7. Nf3 b5 8. Be2 O-O 9. O-O h6 10. d4 exd4 11. Nxd4 Qb6 12. Be3 Qb7 13. Ndf5 Bxf5 14. Nxf5 Nxe4 15. Qd4 c5 16. Qxg7#   {Black checkmated} 1-0

[Event "Team 45 45 League T29"]
[Site "Free Internet Chess Server"]
[Date "2006.01.14"]
[Round "3"]
[White "Superselector"]
[Black "AlefZero"]
[Result "0-1"]
[WhiteElo "2039"]
[BlackElo "2219"]
[TimeControl "2700+45"]

1. e4 e6 2. d4 d5 3. e5 c5 4. c3 Nc6 5. Nf3 Bd7 6. a3 Rc8 7. b4 cxd4 8. cxd4 Qb6 9. Be2 a5 10. b5 Nxd4 11. Nxd4 Rxc1 12. Qxc1 Qxd4 13. Nc3 Qxe5 14. Qe3 Bd6 15. Qxe5 Bxe5 16. Rc1 Nf6 17. Na4 Ke7 18. Bd3 Kd6 19. Ke2 Bd4 20. f3 e5 21. Kd2 Nh5 22. Rhd1 f5 23. Kc2 Nf4 24. Bf1 Be3 25. Rb1 Rc8+ 26. Kb3 Be6 27. g3 d4+ 28. Kb2 Nd5 29. Bd3 Nc3 30. Nxc3 Rxc3 31. Be2 Rb3+ 32. Ka2 Rxb5+ 33. Ka1 Rb3 34. Rxb3 Bxb3 35. Rb1 Bd5 36. Rb5 Bd2 37. Kb1 Kc6 38. Kc2 Bc3 39. Rb1 e4 40. fxe4 fxe4 41. Bb5+ Kc5 42. Bd7 e3 43. Rb5+ Kc4 44. Rxd5 Kxd5 45. Kd3 Ke5 46. a4 Be1 47. Bc8 b6 48. Bb7 b5 49. axb5 a4 50. Ba6 Ba5 51. b6 Bxb6 52. Bc4 Ba5 53. Ba2 Kd6 54. Bg8 h6 55. Bc4 Kc5   {White resigns} 0-1

[Event "Team 45 45 League T29"]
[Site "Free Internet Chess Server"]
[Date "PST.01.0"]
[Round "3"]
[White "mapipichess"]
[Black "LLIAMAH"]
[Result "0-1"]
[WhiteElo "1776"]
[BlackElo "1720"]
[TimeControl "2700+45"]

1. e4 c5 2. Nf3 Nc6 3. d4 cxd4 4. Nxd4 Nf6 5. Nc3 e5 6. Ndb5 d6 7. Bg5 a6 8. Na3 Be7 9. Bxf6 Bxf6 10. Nd5 Bg5 11. c3 b5 12. Nc2 O-O 13. Be2 f5 14. Bd3 Ne7 15. Nce3 Bxe3 16. Nxe3 Rb8 17. O-O f4 18. Nd5 Nxd5 19. exd5 Qg5 20. Qf3 Bg4 21. Qe4 Bf5 22. Qe2 Bxd3 23. Qxd3 f3 24. g3 Qg4 25. Kh1 Rf6 26. Rfe1 Rh6 27. Qf1 Rf8 28. Qg1 Rf5 29. h4 Rfh5 30. Qh2 Rxh4 31. gxh4 Rxh4 32. Rg1 Rxh2+ 33. Kxh2 Qh4#   {White checkmated} 0-1

[Event "Team 45 45 League T29"]
[Site "Free Internet Chess Server"]
[Date "PST.01.0"]
[Round "3"]
[White "CelticDeath"]
[Black "PiotrP"]
[Result "1-0"]
[WhiteElo "1792"]
[BlackElo "1505"]
[TimeControl "2700+45"]

1. e4 e5 2. Nf3 d6 3. d4 exd4 4. Nxd4 h6 5. Nc3 a6 6. a4 Nf6 7. Bc4 Bg4 8. Be2 Bd7 9. O-O Nc6 10. Be3 Ne5 11. h3 Be7 12. f4 Nc6 13. Bc4 Na5 14. Ba2 c5 15. Nf5 Bxf5 16. exf5 c4 17. Nd5 Nxd5 18. Qxd5 Bf6 19. c3 O-O 20. Bxc4 Re8 21. Qxf7+ Kh8 22. Rae1 Nxc4 23. Qxc4 Bh4 24. Bf2 Bxf2+ 25. Kxf2 Qb6+ 26. Kf3 Qxb2 27. Rxe8+ Rxe8 28. Rf2 Qb6 29. Qd4 Qc6+ 30. Kg3 Rf8 31. Rb2 Rxf5 32. Rb6 Qc7 33. Rxd6 Qe7 34. Rd7 Qe1+ 35. Kh2   {Black resigns} 1-0

[Event "Team 45 45 League T29"]
[Site "Free Internet Chess Server"]
[Date "PST.01.0"]
[Round "3"]
[White "szachmatt"]
[Black "generalkaia"]
[Result "1-0"]
[WhiteElo "1642"]
[BlackElo "1632"]
[TimeControl "2700+45"]

1. e4 e5 2. f4 exf4 3. Nf3 g5 4. h4 g4 5. Ne5 Nf6 6. Bc4 Qe7 7. d4 d6 8. Nxf7 Qxe4+ 9. Kf1 Rg8 10. Ng5 Qe7 11. Bxg8 Nxg8 12. Qe2 Qxe2+ 13. Kxe2 Bf5 14. Nc3 h6 15. Nge4 d5 16. Nc5 Bxc5 17. dxc5 f3+ 18. gxf3 gxf3+ 19. Kxf3 Nf6 20. Re1+ Kf7 21. Bxh6 Be4+ 22. Nxe4 Nxe4 23. Rxe4 dxe4+ 24. Kxe4 Nc6 25. Rf1+ Kg6 26. Bg5 Re8+ 27. Kd3 Ne5+ 28. Kc3 Nf7 29. Rf6+ Kg7 30. Kd4 Nxg5 31. hxg5 c6 32. Rd6 Re7 33. b4 a6 34. a4 Re2 35. Rd7+ Kg6 36. Rxb7 Kxg5 37. Rb6 Rxc2 38. Rxc6 Rb2 39. Kc3 Re2 40. Rxa6 Kf5 41. c6 Re6 42. b5 Re7 43. b6 Ke6 44. b7   {Black resigns} 1-0

[Event "Team 45 45 League T29"]
[Site "Free Internet Chess Server"]
[Date "PST.01.0"]
[Round "3"]
[White "BigMarauder"]
[Black "vandy"]
[Result "1-0"]
[WhiteElo "1759"]
[BlackElo "1905"]
[TimeControl "2700+45"]

1. e4 e5 2. Nf3 Nc6 3. d4 exd4 4. Nxd4 Nf6 5. Nxc6 bxc6 6. e5 Nd5 7. Be2 Bc5 8. Nd2 Qh4 9. O-O O-O 10. Nf3 Qe7 11. c4 Nb6 12. a3 a5 13. Qd3 f6 14. Bf4 fxe5 15. Bxe5 d6 16. Bd4 Bf5 17. Qd2 Nxc4 18. Bxc4+   {Black resigns} 1-0

[Event "Team 45 45 League T29"]
[Site "Free Internet Chess Server"]
[Date "PST.01.0"]
[Round "3"]
[White "JoveUranium"]
[Black "xboard"]
[Result "1-0"]
[WhiteElo "1888"]
[BlackElo "1720"]
[TimeControl "2700+45"]

1. f4 Nf6 2. Nf3 c5 3. g3 d5 4. c4 d4 5. d3 Bg4 6. Bg2 Qd7 7. Ne5 Qc7 8. Qa4+ Nbd7 9. Bd2 O-O-O 10. Nxf7 e5 11. Nxh8 Nb6 12. Qxa7 Bd6 13. Ba5 Qe7 14. Bxb6 exf4 15. Bxb7+ Qxb7 16. Qxb7+ Kxb7 17. Bxd8   {Black resigns} 1-0

[Event "Team 45 45 League T29"]
[Site "Free Internet Chess Server"]
[Date "PST.01.0"]
[Round "3"]
[White "MattBinMi"]
[Black "Cadger"]
[Result "1-0"]
[WhiteElo "1670"]
[BlackElo "1794"]
[TimeControl "2700+45"]

1. e4 e5 2. Nf3 Nc6 3. g3 Nf6 4. d3 d6 5. Nbd2 Be6 6. Bg2 Be7 7. O-O Qd7 8. Re1 O-O-O 9. Nf1 h5 10. h4 Nh7 11. Be3 f6 12. Qd2 Bh3 13. b4 Bxg2 14. Kxg2 g5 15. b5 Nb8 16. Qa5 gxh4 17. Nxh4 Ng5 18. Nf5 Rdg8 19. c4 b6 20. Qxa7 h4 21. Nxe7+ Qxe7 22. Bxb6 hxg3 23. Nxg3 Ne6 24. Kf3 Rg5 25. Be3 Rgg8 26. b6 Qd7   {Black resigns} 1-0

[Event "Team 45 45 League T29"]
[Site "Free Internet Chess Server"]
[Date "PST.01.0"]
[Round "3"]
[White "BlindGregorioo"]
[Black "Scapegoated"]
[Result "1-0"]
[WhiteElo "1661"]
[BlackElo "1560"]
[TimeControl "2700+45"]

1. e4 e6 2. d4 d5 3. exd5 exd5 4. Bd3 Bd6 5. c3 Nc6 6. Ne2 Nge7 7. Qc2 h5 8. Nd2 Qd7 9. Nf1 Nf5 10. Bd2 Qe6 11. O-O-O Bd7 12. Re1 O-O-O 13. Neg3 Nfxd4 14. cxd4 Nxd4 15. Qc3 Qg4 16. Ne3 Qf4 17. Nef5 Qxf2 18. Nxd6+ Kb8 19. Rhf1 Qxg2 20. Nxf7 Nf3 21. Re2 d4 22. Rxg2 dxc3 23. Rxf3 cxd2+ 24. Rxd2 Rdf8 25. Bc4 Bg4 26. Rff2 Re8 27. Nxh8 Re1+ 28. Kc2 Bf5+   {Black resigns} 1-0

[Event "Team 45 45 League T29"]
[Site "Free Internet Chess Server"]
[Date "PST.01.0"]
[Round "3"]
[White "AlefZero"]
[Black "trajanus"]
[Result "1-0"]
[WhiteElo "2205"]
[BlackElo "2049"]
[TimeControl "2700+45"]

1. e4 c5 2. Nf3 d6 3. d4 cxd4 4. Nxd4 Nf6 5. Nc3 a6 6. f4 e5 7. Nf3 Nbd7 8. Bd3 Be7 9. O-O O-O 10. Qe1 b5 11. fxe5 dxe5 12. Bg5 Bb7 13. Rd1 Qc7 14. Nh4 Rfe8 15. Nf5 Bf8 16. Qh4 b4 17. Ne2 a5 18. Nh6+ gxh6 19. Bxf6 Nxf6 20. Rxf6 Bg7 21. Rf3 Ba6 22. Ng3 Bxd3 23. cxd3 Ra6 24. Rdf1 Rf8 25. Nf5 Rg6 26. Ne7+ Kh8 27. Nxg6+ hxg6 28. Qf2 Kg8 29. Qe3 Kh7 30. Rc1 Qd7 31. Qc5   {Black resigns} 1-0

[Event "Team 45 45 League T29"]
[Site "Free Internet Chess Server"]
[Date "PST.01.0"]
[Round "3"]
[White "zota"]
[Black "Zupa"]
[Result "0-1"]
[WhiteElo "1933"]
[BlackElo "2043"]
[TimeControl "2700+45"]

1. e4 c5 2. Nf3 Nc6 3. d4 cxd4 4. Nxd4 Nf6 5. Nc3 e5 6. Ndb5 d6 7. Bg5 a6 8. Bxf6 gxf6 9. Na3 b5 10. Nd5 Bg7 11. c3 f5 12. Bd3 Be6 13. O-O Bxd5 14. exd5 Ne7 15. c4 e4 16. Be2 Bxb2 17. Nc2 Bxa1 18. Qxa1 Ng6 19. cxb5 O-O 20. bxa6 Qg5 21. Bc4 Nh4 22. Ne1 f4 23. Kh1 f6 24. Qd1 Rf7 25. g3 Ng6 26. Qd4 Qe5 27. Qb6 h5 28. gxf4 Nxf4 29. Rg1+ Kh7 30. Qe3 Raa7 31. Ng2 Nxg2 32. Rxg2 Rg7 33. h3 Qa1+   {White resigns} 0-1

[Event "Team 45 45 League T29"]
[Site "Free Internet Chess Server"]
[Date "PST.01.0"]
[Round "3"]
[White "trener"]
[Black "RoZa"]
[Result "1-0"]
[WhiteElo "1804"]
[BlackElo "1916"]
[TimeControl "2700+45"]

1. e4 e5 2. Nf3 d6 3. d4 Nf6 4. Nc3 Nbd7 5. Bc4 Be7 6. O-O h6 7. Re1 c6 8. a4 a5 9. b3 Qc7 10. Ba3 Nf8 11. Qd3 g5 12. dxe5 dxe5 13. Bxe7 Qxe7 14. Rad1 Ng6 15. h3 g4 16. hxg4 Bxg4 17. Re3 Nf4 18. Qd6 Qxd6 19. Rxd6 Ke7 20. Rd2 Nd7 21. Nh2 Bh5 22. Ne2 Ne6 23. Ng3 Bg6 24. Nf3 Rad8 25. Bxe6 Kxe6 26. Red3 Ke7 27. Nh4 Nc5 28. Ngf5+ Kf6 29. Rxd8 Rxd8 30. Rxd8 Nxe4 31. Nxg6   {Black resigns} 1-0

[Event "Team 45 45 League T29"]
[Site "Free Internet Chess Server"]
[Date "PST.01.0"]
[Round "3"]
[White "Rockazb"]
[Black "PGierech"]
[Result "1/2-1/2"]
[WhiteElo "1842"]
[BlackElo "1764"]
[TimeControl "2700+45"]

1. f4 d5 2. Nf3 Nf6 3. g3 c6 4. Bg2 g6 5. d3 Bg7 6. Nbd2 Bf5 7. e3 Qb6 8. Qe2 O-O 9. e4 dxe4 10. Nxe4 Nxe4 11. dxe4 Bxb2 12. Bxb2 Qxb2 13. O-O Qb6+ 14. Kh1 Bg4 15. h3 Bxf3 16. Rxf3 Nd7 17. Rb3 Qc7 18. Qe3 Rab8 19. Qxa7 e5 20. Qe3 exf4 21. gxf4 b6 22. Rab1 Rfe8 23. h4 Qd8 24. Qf2 Re6 25. Rd1 Qc7 26. Bh3 Rd6 27. Rxd6 Qxd6 28. Rd3 Qc5   {Game drawn by mutual agreement} 1/2-1/2

[Event "Team 45 45 League T29"]
[Site "Free Internet Chess Server"]
[Date "2006.01.10"]
[Round "3"]
[White "Enz"]
[Black "noHz"]
[Result "1/2-1/2"]
[WhiteElo "1856"]
[BlackElo "1907"]
[TimeControl "2700+45"]

1. d4 d5 2. e3 Nf6 3. f4 e6 4. Nf3 Bd6 5. Bd3 c5 6. c3 Nc6 7. O-O Bd7 8. Ne5 a6 9. a4 c4 10. Bc2 Rb8 11. Qe1 b5 12. axb5 axb5 13. e4 O-O 14. exd5 exd5 15. Qh4   {Game drawn by mutual agreement} 1/2-1/2

[Event "Team 45 45 League T29"]
[Site "Free Internet Chess Server"]
[Date "PST.01.0"]
[Round "3"]
[White "RussoTuristo"]
[Black "Darmik"]
[Result "1/2-1/2"]
[WhiteElo "2005"]
[BlackElo "2134"]
[TimeControl "2700+45"]

1. c4 Nf6 2. Nc3 g6 3. g3 Bg7 4. Bg2 O-O 5. d3 c6 6. e4 d5 7. exd5 cxd5 8. Nxd5 Nxd5 9. Bxd5 Nc6 10. Qd2 Ne5 11. d4 e6 12. dxe5 exd5 13. Qxd5 Qxd5 14. cxd5 Bxe5 15. Nf3 Bg7 16. O-O Bg4 17. Kg2 Rfd8 18. Rd1 Rd7 19. a4 Rad8 20. Bg5 Rc8 21. Rd2 Rc4 22. Be3 a6 23. Nh4 Rd8 24. a5 Bf6 25. h3 Bd7 26. Nf3 Bf5 27. Re1 Be4 28. d6 Be5 29. d7 Bc7 30. Bb6 Bxb6 31. axb6 Kf8 32. Re3 Rb4 33. Kg1 Bxf3 34. Rxf3 Rxb6 35. Kg2 Ke7 36. Rfd3 h5 37. f4 Re6 38. Kf2 a5 39. Rd5 b6 40. g4 hxg4 41. hxg4 Re4 42. Kf3 Re6 43. Rd1 Rc6 44. R1d2 Rc4 45. Re5+ Kf8 46. Rd6 Rb4 47. Re2 Rb3+ 48. Kf2 a4 49. f5 gxf5 50. gxf5 b5 51. f6 a3 52. bxa3 Rxa3   {Game drawn by mutual agreement} 1/2-1/2

[Event "Team 45 45 League T29"]
[Site "Free Internet Chess Server"]
[Date "PST.01.0"]
[Round "3"]
[White "atilano"]
[Black "adingod"]
[Result "0-1"]
[WhiteElo "2052"]
[BlackElo "1930"]
[TimeControl "2700+45"]

1. e4 Nf6 2. e5 Nd5 3. d4 d6 4. f4 g6 5. c4 Nb6 6. Nc3 Bg7 7. Nf3 Bg4 8. Be3 dxe5 9. fxe5 Nc6 10. Be2 O-O 11. O-O Qd7 12. Qd2 Rad8 13. Rad1 Na5 14. b3 Nc6 15. c5 Nd5 16. Nxd5 Qxd5 17. b4 a6 18. a4 Qb3 19. b5 Bxf3 20. Bxf3 Nxe5 21. Rb1 Nxf3+ 22. gxf3 Qxa4   {White resigns} 0-1

[Event "Team 45 45 League T29"]
[Site "Free Internet Chess Server"]
[Date "PST.01.0"]
[Round "3"]
[White "HotDonut"]
[Black "Amauta"]
[Result "0-1"]
[WhiteElo "1929"]
[BlackElo "1890"]
[TimeControl "2700+45"]

1. Nf3 f5 2. g3 Nf6 3. Bg2 e6 4. c4 Be7 5. O-O O-O 6. Nc3 c6 7. d3 d5 8. e4 fxe4 9. dxe4 dxc4 10. Qe1 Bc5 11. Bg5 h6 12. Bxf6 Qxf6 13. e5 Qf5 14. Nh4 Qc2 15. Ne4 Na6 16. Nxc5 Nxc5 17. Rc1 Qxb2 18. Rxc4 Nd3 19. Qe3 Nxe5 20. Re4 Nf7 21. a4 Ng5 22. Re5 Qc2 23. a5 Rd8 24. f4 Nf7 25. Be4 Qd2 26. Qf3 Nxe5 27. fxe5 Qd4+ 28. Kg2 Qd7 29. Ng6 Qe8 30. Qh5 Rd2+ 31. Kh3 Rd7 32. Rf8+ Qxf8 33. Nxf8 Kxf8 34. Qf3+ Kg8 35. a6 Rc7 36. Qd3 Bd7 37. Qd6 Rac8 38. Bd3 b6 39. Bc4 c5 40. Bxe6+ Bxe6+ 41. Qxe6+ Kh8 42. Qd6 c4 43. e6 c3 44. e7 Rxe7 45. Qxe7 c2 46. Qxa7 c1=Q 47. Qxb6 Qf1+ 48. Kh4 Rc4+ 49. Kh5 Qf5#   {White checkmated} 0-1

[Event "Team 45 45 League T29"]
[Site "Free Internet Chess Server"]
[Date "PST.01.0"]
[Round "3"]
[White "Galleta"]
[Black "RomaLavrn"]
[Result "0-1"]
[WhiteElo "1611"]
[BlackElo "1883"]
[TimeControl "2700+45"]

1. b3 d5 2. e3 g6 3. Bb2 Nf6 4. c4 Bg7 5. Nf3 O-O 6. Bd3 c5 7. Qc2 Nc6 8. cxd5 Nb4 9. Qc3 Nxd3+ 10. Qxd3 Bf5 11. Qc4 Qxd5 12. Qxd5 Nxd5 13. Bxg7 Kxg7 14. Nc3 Rad8 15. O-O-O Nb4 16. Ne1 Bd3 17. a3 Nc6 18. Nxd3 Rxd3 19. Kc2 Rfd8 20. Na4 c4 21. Nc5 cxb3+ 22. Nxb3 b6 23. Nd4 Nxd4+ 24. Kxd3 Nb5+ 25. Ke2 Nxa3 26. Ra1 Nb5 27. Rhb1 Rd5 28. Rb3 Re5 29. Ra4 Rc5 30. Kd1 e5 31. h4 f5 32. g4 Kf6 33. f4 e4 34. gxf5 gxf5 35. h5 Kg7 36. Ke2 Kh6 37. Rab4 Nd6 38. Rd4 Nc4 39. Rd7 a5 40. d3 exd3+ 41. Kxd3 Kxh5 42. Rxh7+ Kg6 43. Ra7 Rc6 44. Ra6 Kh5 45. Rc3 Nb2+ 46. Kd4 Rg6 47. Ke5 Kg4 48. Rc2 Nd3+ 49. Kd4 Rd6+ 50. Kc4 Nb4 51. Rxb6 Rxb6 52. Rh2 a4 53. Rb2 a3 54. Rb3 a2 55. Ra3 Ra6   {White resigns} 0-1

[Event "Team 45 45 League T29"]
[Site "Free Internet Chess Server"]
[Date "PST.01.0"]
[Round "3"]
[White "jjgsmm"]
[Black "Berke"]
[Result "0-1"]
[WhiteElo "1659"]
[BlackElo "1527"]
[TimeControl "2700+45"]

1. e4 g6 2. d4 Bg7 3. Nf3 d6 4. h3 Nf6 5. Nc3 O-O 6. Be3 a6 7. Qd2 b5 8. a3 Bb7 9. Bd3 Nbd7 10. Bh6 Nh5 11. Bxg7 Kxg7 12. g4 Nhf6 13. Nh4 e5 14. d5 Nc5 15. Ng2 Nxd3+ 16. cxd3 Rc8 17. f4 exf4 18. Nxf4 c5 19. g5 Ng8 20. h4 Qe7 21. h5 b4 22. axb4 cxb4 23. hxg6 fxg6 24. Ne6+ Kh8 25. Nxf8 Rxf8 26. Na4 Qe5 27. Qg2 Bxd5 28. Rc1 Bb3 29. Rc7 Ne7 30. Nb6 Bg8 31. Nd7 Qa5 32. Nxf8 b3+ 33. Qd2 Qxc7 34. Qc3+ Qxc3+ 35. bxc3 Kg7 36. Nd7 b2 37. Kd2 Ba2 38. Kc2 b1=Q+ 39. Rxb1 Bxb1+ 40. Kxb1 h5 41. gxh6+ Kxh6 42. Kc1 g5 43. Kd2 g4 44. Ke2 a5 45. Kf2 a4 46. e5 dxe5 47. Nxe5 Kg5 48. Nc4 Kf4 49. Na3 g3+ 50. Kg2 Nd5 51. c4 Ne3+ 52. Kg1 Kf3 53. c5 g2 54. c6 Nd5 55. d4 Kg3 56. Nb5 Nf4 57. c7 Ne2#   {White checkmated} 0-1

[Event "Team 45 45 League T29"]
[Site "Free Internet Chess Server"]
[Date "PST.01.0"]
[Round "3"]
[White "Aul"]
[Black "TedR"]
[Result "1-0"]
[WhiteElo "1576"]
[BlackElo "1534"]
[TimeControl "2700+45"]

1. d4 d5 2. e3 Nf6 3. Bd3 Nc6 4. c3 e5 5. dxe5 Nxe5 6. Bc2 Be7 7. f4 Bg4 8. Nf3 Nxf3+ 9. gxf3 Bh3 10. b3 O-O 11. Bb2 Bc5 12. Qd3 Bxe3 13. Nd2 Bxd2+ 14. Kxd2 Qd7 15. c4 Bf5 16. Qxf5   {Black resigns} 1-0

[Event "Team 45 45 League T29"]
[Site "Free Internet Chess Server"]
[Date "2006.01.15"]
[Round "3"]
[White "MegaSkins"]
[Black "alfreale"]
[Result "1/2-1/2"]
[WhiteElo "1405"]
[BlackElo "1619"]
[TimeControl "2700+45"]

1. d4 d5 2. c4 e6 3. Nc3 Nf6 4. Bg5 Be7 5. e3 Nc6 6. Nf3 a6 7. Rc1 Bb4 8. Bd3 Be7 9. Bxf6 Bxf6 10. O-O O-O 11. Qc2 g6 12. cxd5 exd5 13. Rfd1 Nb4 14. Qe2 Nxd3 15. Qxd3 c6 16. e4 dxe4 17. Nxe4 Bf5 18. Re1 Re8 19. Nxf6+ Qxf6 20. Rxe8+ Rxe8 21. Qc4 Qe6 22. Qxe6 Rxe6 23. Ne5 Rd6 24. Rd1 f6 25. Nc4 Rd8 26. Ne3 Be6 27. a3 f5 28. f4 Kf7 29. Kf2 Kf6 30. h4 h5 31. g3 Ke7 32. Ke2 Rd6 33. Kd3 Kd7 34. Kc3 Kc7 35. Kb4 Kb6 36. Nc4+ Bxc4 37. Kxc4 Kc7 38. Re1 b5+ 39. Kd3 Kb6 40. b4 a5 41. Re5 a4 42. Kc3 Kc7 43. Kd3 Kd7 44. Ke3 Re6 45. Kd3 Rd6 46. Rc5 Ke6 47. Re5+ Kf6 48. Ke3 Re6 49. Kd3 Rd6 50. Ke3 Re6 51. Kd3 Ke7 52. Kc3 Kd6 53. Kd3 Rf6 54. Ke3 Rf8 55. Kd3 Rd8 56. Kc3 Kc7 57. Rc5 Re8 58. Re5 Kd7   {Game drawn by mutual agreement} 1/2-1/2